 Dungeon Crawl Stone Soup version 0.30.1-11-g7821555f0a (webtiles) character file.

Game seed: 2488146275239271114

122 comborobin the Trooper (level 5, 0/51 HPs)
             Began as a Hill Orc Delver on Dec 23, 2023.
             Slain by an orc
             ... wielding a +0 short sword
              (4 damage)
             ... on level 4 of the Dungeon.
             The game lasted 00:00:58 (273 turns).

comborobin the Trooper (Hill Orc Delver)             Turns: 273, Time: 00:00:58

Health: 0/51       AC:  7    Str: 17    XL:     5   Next: 6%
Magic:  5/5        EV: 11    Int: 10    God:
Gold:   18         SH:  0    Dex: 12    Spells: 4/4 levels left

rFire   . . .        h - +0 rapier
rCold   . . .        (no shield)
rNeg    . . .        b - +0 leather armour
rPois   .            (no helmet)
rElec   .            (no cloak)
rCorr   .            (no gloves)
SInv    .            (no boots)
Will    .....        (no amulet)
Stlth   ++           d - +4 ring of protection
HPRegen 0.28/turn    (no ring)
MPRegen 0.09/turn

%: no passive effects
@: lethally poisoned (0 -> -4)
A: no striking features
a: no special abilities


You were on level 4 of the Dungeon.
You visited 1 branch of the dungeon, and saw 3 of its levels.

You collected 18 gold pieces.

Inventory:

Hand Weapons
 a - a +0 short sword
 h - a +0 rapier (weapon)
Armour
 b - a +0 leather armour (worn)
 e - a +0 ring mail
Jewellery
 d - a +4 ring of protection (left hand)
Wands
 g - a wand of digging (3)
Scrolls
 c - a scroll of fog


   Skills:
 + Level 6.7 Fighting
 - Level 2.0 Short Blades
 - Level 1.5 Dodging
 - Level 4.1 Stealth


You had 4 spell levels left.
You didn't know any spells.
Your spell library was empty.

Dungeon Overview and Level Annotations

Branches:
Dungeon (6/15)
 Temple: D:4-7

Altars:


Message History

You barely miss the scorpion.
The scorpion is severely wounded.
You feel very sick.
The scorpion stings you but does no damage.
You closely miss the scorpion.
You punch the scorpion, but do no damage.
The scorpion is severely wounded.
You feel very sick.
The scorpion stings you but does no damage.
You barely miss the scorpion.
The scorpion is severely wounded.
You feel sick. The scorpion misses you. The scorpion stings you.
* * * LOW HITPOINT WARNING * * *
You hit the scorpion.
The scorpion is almost dead.
You feel sick. The scorpion barely misses you.
You barely miss the scorpion.
The scorpion is almost dead.
You feel sick. The orc closely misses you. The scorpion stings you.
* * * LOW HITPOINT WARNING * * *
You are lethally poisoned!
The scorpion poisons you! The orc hits you but does no damage.
You hit the scorpion.
You kill the scorpion!
* * * LOW HITPOINT WARNING * * *
You feel sick. The orc closely misses you.
Your Fighting skill increases to level 6!
You have reached level 5!
You feel stronger.
As you read the scroll labelled EMEILI ENIERO, it crumbles to dust.
It is a scroll of identify.
You don't currently have any unidentified items.
* * * LOW HITPOINT WARNING * * *
You feel sick. The orc closely misses you.
You aren't carrying any potions.
You hit the orc.
The orc is lightly wounded.
* * * LOW HITPOINT WARNING * * *
You feel sick. The orc hits you with a +0 short sword.
You die...

###########
#..@.>....#
#...o........
#............
#.........##.
#.........#
###.....#...
...........
.[..........


You could see an orc.

Vanquished Creatures
  A scorpion (D:4)
  2 hounds (D:5)
3 creatures vanquished.

Notes
Turn   | Place    | Note
-------+----------+-------------------------------------------
     0 | D:5      | comborobin the Hill Orc Delver began the quest for the Orb.
     0 | D:5      | Reached XP level 1. HP: 19/19 MP: 1/1
    15 | D:5      | Noticed a hound
    18 | D:5      | Noticed a scorpion
    24 | D:5      | Killed a hound
    25 | D:5      | Reached skill level 5 in Fighting
    25 | D:5      | Reached XP level 2. HP: 11/29 MP: 2/2
    25 | D:5      | Reached XP level 3. HP: 14/36 MP: 3/3
    75 | D:6      | Noticed a wyvern
   185 | D:5      | Reached XP level 4. HP: 23/44 MP: 4/4
   252 | D:4      | Noticed a scorpion
   271 | D:4      | Killed a scorpion
   272 | D:4      | Reached skill level 6 in Fighting
   272 | D:4      | Reached XP level 5. HP: 7/51 MP: 5/5
   273 | D:4      | Slain by an orc

Illustrated notes

Levels and vault maps discovered:
D:4:      layout_rooms, minmay_ruptured, uniq_edmund, uniq_eustachio
D:5:      layout_loops_cross, grunt_qazlal_sundering, serial_shops, shop, shop,
          cheibrodos_gnoll_hut, uniq_grinder
D:6:      layout_cave_pools, uniq_crazy_yiuf_cottage

Skill      XL: |  1  2  3  4 |
---------------+-------------+-----
Fighting       | 5 6 |  6.7
Short Blades   | |  2.0
Dodging        | |  1.5
Stealth        | |  4.1

Action                     |  1- 3 |  4- 6 || total
---------------------------+-------+-------++-------
  Melee: Short sword       |     9 |       ||     9
         Rapier            |    10 |    17 ||    27
         Punch             |       |     1 ||     1
    Use: Scroll            |     1 |     2 ||     3
         Potion            |       |     1 ||     1
   Stab: Sleeping          |     1 |     1 ||     2
 Armour: Leather armour    |     6 |     6 ||    12
  Dodge: Dodged            |    13 |    10 ||    23
